 Dungeon Crawl Stone Soup version 0.31.0-9-g3a7656b989 (webtiles) character file.

Game seed: 1542791023457376126

10522599 shadowrider38 the Formicid Barricade (level 27, 235/235 (249) HPs)
             Began as a Formicid Wanderer on Jan 24, 2024.
             Was the Champion of the Shining One.
             Escaped with the Orb
             ... and 13 runes on Jan 25, 2024!
             The game lasted 03:23:08 (116123 turns).

shadowrider38 the Formicid Barricade (FoWn)       Turns: 116123, Time: 03:23:08

HP:   235/235 (249) AC: 53    Str: 28 (29) XL:     27
MP:   40/40         EV: 14    Int:  9      God:    the Shining One [******]
Gold: 5362          SH: 27    Dex: 20      Spells: 26/28 levels left

rFire   + + +        b - +9 executioner's axe (spect)
rCold   + + +        X - +1 tower shield {AC+3}
rNeg    + + +        w - +11 gold dragon scales
rPois   +            (helmet unavailable)
rElec   +            l - +2 cloak {rCorr}
rCorr   +            c - +3 pair of gauntlets of War {god gift, Slay+5}
SInv    +            J - +2 pair of boots {Fly}
Will    ++++.        n - amulet of Zebrops {Spirit rElec rC++ Int-3 Stlth+} Stlth
                     f - ring of Cynicism {Fly rF++ rC++ Dex+2}
HPRegen 0.59/turn    m - ring "Poma" {Wiz rN+ Will++ Str+3}
MPRegen 0.27/turn

%: clarity, guardian spirit, wizardry (x1)
@: flying, glowing, studying Spellcasting, drained
A: permanent stasis, dig shafts and tunnels, antennae 3, four strong arms,
clarity, inability to drink after injury 1
0: Orb of Zot
}: 13/15 runes: decaying, serpentine, slimy, silver, iron, obsidian, bone,
abyssal, demonic, glowing, magical, fiery, dark
a: Dig, Shaft Self, Renounce Religion, Divine Shield, Cleansing Flame, Summon
Divine Warrior, Brand Weapon With Holy Wrath


You escaped.
You worshipped the Shining One.
The Shining One was exalted by your worship.
You visited 17 branches of the dungeon, and saw 85 of its levels.
You visited Pandemonium 2 times, and saw 20 of its levels.
You visited the Abyss 4 times.
You also visited: Ossuary and Ice Cave.

You collected 10443 gold pieces.
You spent 5081 gold pieces at shops.

Inventory:

Hand Weapons
 a - a +9 executioner's axe of holy wrath {god gift}
 b - a +9 spectral executioner's axe (weapon)
Missiles
 t - 37 boomerangs (quivered)
 v - 36 javelins {god gift}
 x - 21 silver javelins {god gift}
 F - 9 curare-tipped darts {god gift}
 Z - 8 throwing nets
Armour
 c - the +3 pair of gauntlets of War (worn) {god gift, Slay+5}
   (Okawaru gifted it to you on level 1 of the Orcish Mines)

   Slay+5:    It affects your accuracy & damage with ranged weapons and melee
   (+5).
 h - the +0 leather armour "Inebin" {rC+ Str+7 Dex-4}
   (You found it on level 7 of Gehenna)

   Str+7:     It affects your strength (+7).
   Dex-4:     It affects your dexterity (-4).
   rC+:       It protects you from cold.
 l - a +2 cloak of preservation (worn)
 s - the +7 chain mail of Gravitas {Str+3 Slay+6}
   (You found it on level 2 of the Swamp)

   Str+3:     It affects your strength (+3).
   Slay+6:    It affects your accuracy & damage with ranged weapons and melee
   (+6).
 w - +11 gold dragon scales (worn)
 J - a +2 pair of boots of flying (worn)
 X - a +1 tower shield of protection (worn)
Jewellery
 f - the ring of Cynicism (left hand) {Fly rF++ rC++ Dex+2}
   (You acquired it on level 5 of the Vaults)

   [ring of flight]

   Dex+2:     It affects your dexterity (+2).
   rF++:      It greatly protects you from fire.
   rC++:      It greatly protects you from cold.
   Fly:       It grants you flight.
 g - the amulet of the Voivode {Spirit rC- Regen+ Int+2 Dex+6}
   (You found it on level 7 of the Iron City of Dis)

   [amulet of guardian spirit]

   Spirit:    It causes incoming damage to be divided between your reserves of
   health and magic.
   Int+2:     It affects your intelligence (+2).
   Dex+6:     It affects your dexterity (+6).
   rC-:       It makes you vulnerable to cold.
   Regen+:    It increases your rate of health regeneration.
 m - the ring "Poma" (right hand) {Wiz rN+ Will++ Str+3}
   (You took it off a deep elf blademaster on level 3 of the Elven Halls)

   [ring of wizardry]

   Wiz:       It improves your spell success rate.
   Str+3:     It affects your strength (+3).
   rN+:       It protects you from negative energy.
   Will++:    It greatly increases your willpower.
 n - the amulet of Zebrops (around neck) {Spirit rElec rC++ Int-3 Stlth+}
   (You found it on level 6 of the Dungeon)

   [amulet of guardian spirit]

   Spirit:    It causes incoming damage to be divided between your reserves of
   health and magic.
   Int-3:     It affects your intelligence (-3).
   rC++:      It greatly protects you from cold.
   rElec:     It insulates you from electricity.
   Stlth+:    It makes you more stealthy.
 y - a +4 ring of slaying
 A - the ring of Zyuth {Fly rC- EV+5 Int+3 Dex+3 Stlth+}
   (You found it on level 3 of the Abyss)

   [ring of evasion]

   EV+5:      It affects your evasion (+5).
   Int+3:     It affects your intelligence (+3).
   Dex+3:     It affects your dexterity (+3).
   rC-:       It makes you vulnerable to cold.
   Fly:       It grants you flight.
   Stlth+:    It makes you more stealthy.
 M - the ring "Peangux" {Fly rPois}
   (You bought it in a shop on level 7 of the Dungeon)

   [ring of flight]

   rPois:     It protects you from poison Fly: It grants you flight.
Wands
 D - a wand of digging (33)
 E - a wand of charming (75)
 H - a wand of polymorph (23)
 I - a wand of iceblast (45)
 R - a wand of quicksilver (44)
Scrolls
 d - 5 scrolls of vulnerability
 j - 9 scrolls of poison
 k - 5 scrolls of revelation
 o - 8 scrolls of immolation
 z - 6 scrolls of fear
 S - 4 scrolls of brand weapon
 W - 4 scrolls of silence {!r}
Potions
 e - 8 potions of enlightenment
 i - 6 potions of attraction
 p - 5 potions of ambrosia
 q - 2 potions of resistance
 u - 12 potions of lignification
 B - 3 potions of magic
 C - 6 potions of cancellation
 G - a potion of mutation
 Q - 9 potions of curing
 T - 3 potions of might
 Y - 4 potions of invisibility
Miscellaneous
 r - a lightning rod (4/4)
 K - a phantom mirror
 N - a sack of spiders
 O - a condenser vane
 U - a phial of floods


   Skills:
 O Level 27 Fighting
 - Level 23.2(24.0) Axes
 - Level 7.3(16.8) Maces & Flails
 - Level 8.0(17.1) Polearms
 + Level 25.2 Throwing
 + Level 26.3 Armour
 + Level 12.6 Dodging
 - Level 4.8 Stealth
 O Level 27 Shields
 - Level 1.1 Spellcasting
 - Level 1.0 Summonings
 - Level 0.6 Alchemy
 O Level 27 Invocations
 + Level 24.4 Evocations


You had 26 spell levels left.
You knew the following spells:

 Your Spells              Type           Power      Damage    Failure   Level
a - Summon Small Mammal   Summ           8%         N/A       50%         1
g - Apportation           Tloc           0%         N/A       63%         1

Your spell library contained the following spells:

 Spells                   Type           Power      Damage    Failure   Level
 Sting                    Conj/Alch      4%         1d3       58%         1
 Freeze                   Ice            0%         1d3       63%         1
 Kiss of Death            Conj/Necr      0%         2d5       63%         1
 Magic Dart               Conj           0%         1d3       63%         1
 Necrotise                Necr           0%         1d4       63%         1
 Shock                    Conj/Air       0%         1d3       63%         1
 Call Imp                 Summ           4%         N/A       63%         2
 Mercury Vapours          Alch/Air       2%         N/A       71%         2
 Cigotuvi's Dreadful Rot  Necr/Alch/Air  0%         N/A       73%         2
 Jinxbite                 Hex            0%         N/A       77%         2
 Lesser Beckoning         Tloc           0%         N/A       77%         2
 Momentum Strike          Conj/Tloc      0%         3d8       77%         2
 Searing Ray              Conj           0%         2d4       77%         2
 Static Discharge         Conj/Air       0%         3-3/arc   77%         2
 Sublimation of Blood     Necr           0%         N/A       77%         2
 Call Canine Familiar     Summ           2%         N/A       85%         3
 Summon Ice Beast         Ice/Summ       1%         N/A       89%         3
 Mephitic Cloud           Conj/Alch/Air  0%         N/A       91%         3
 Confusing Touch          Hex            0%         N/A       92%         3
 Dazzling Flash           Conj/Hex       0%         N/A       92%         3
 Frozen Ramparts          Ice            0%         1d1       92%         3
 Fugue of the Fallen      Necr           0%         N/A       92%         3
 Gell's Gravitas          Tloc           0%         N/A       92%         3
 Hailstorm                Conj/Ice       0%         3d5       92%         3
 Ozocubu's Armour         Ice            0%         N/A       92%         3
 Passwall                 Erth           0%         N/A       92%         3
 Stone Arrow              Conj/Erth      0%         3d7       92%         3
 Teleport Other           Tloc           0%         N/A       92%         3
 Tukima's Dance           Hex            0%         N/A       92%         3
 Vampiric Draining        Necr           0%         2d6       92%         3
 Volatile Blastmotes      Fire/Tloc      0%         2d10      92%         3
 Animate Armour           Summ/Erth      2%         N/A       99%         4
 Fulminant Prism          Conj/Alch      0%         3d5       99%         4
 Ignite Poison            Fire/Alch      1%         N/A       99%         4
 Leda's Liquefaction      Alch/Erth      0%         N/A       99%         4
 Martyr's Knell           Necr/Summ      1%         N/A       99%         4
 Olgreb's Toxic Radiance  Alch           1%         N/A       99%         4
 Petrify                  Alch/Erth      1%         N/A       99%         4
 Sticky Flame             Fire/Alch      1%         2d4       99%         4
 Summon Blazeheart Golem  Fire/Summ      1%         N/A       99%         4
 Summon Lightning Spire   Summ/Air       1%         N/A       99%         4
 Airstrike                Air            0%         2d(0-16)  100%        4
 Anguish                  Hex/Necr       0%         N/A       100%        4
 Cause Fear               Hex            0%         N/A       100%        4
 Dimensional Bullseye     Hex/Tloc       0%         N/A       100%        4
 Dispel Undead            Necr           0%         3d6       100%        4
 Flame Wave               Conj/Fire      0%         2d4       100%        4
 Iskenderun's Mystic Bla  Conj/Tloc      0%         2d3       100%        4
 Manifold Assault         Tloc           0%         N/A       100%        4
 Passage of Golubria      Tloc           0%         N/A       100%        4
 Alistair's Intoxication  Alch           0%         N/A       100%        5
 Arcjolt                  Conj/Air       0%         1d10      100%        5
 Borgnjor's Vile Clutch   Necr/Erth      0%         N/A       100%        5
 Curse of Agony           Necr           0%         N/A       100%        5
 Freezing Cloud           Conj/Ice/Air   0%         6-21      100%        5
 Irradiate                Conj/Alch      0%         3d11      100%        5
 Lee's Rapid Deconstruct  Erth           0%         3d4*      100%        5
 Metabolic Englaciation   Hex/Ice        0%         N/A       100%        5
 Silence                  Hex/Air        0%         N/A       100%        5
 Summon Forest            Summ/Tloc      0%         N/A       100%        5
 Summon Mana Viper        Hex/Summ       1%         N/A       100%        5
 Yara's Violent Unravell  Hex/Alch       0%         3d3       100%        5
 Bombard                  Conj/Erth      0%         9d1       100%        6
 Death Channel            Necr           0%         N/A       100%        6
 Dispersal                Tloc           0%         N/A       100%        6
 Eringya's Noxious Bog    Alch           0%         4d6       100%        6
 Plasma Beam              Fire/Air       0%         2x1d10    100%        6
 Sculpt Simulacrum        Ice/Alch       0%         N/A       100%        6
 Summon Cactus Giant      Summ           1%         N/A       100%        6
 Enfeeble                 Hex            0%         N/A       100%        7
 Malign Gateway           Summ/Tloc      0%         N/A       100%        7
 Ozocubu's Refrigeration  Ice            0%         4d7       100%        7
 Summon Hydra             Summ           1%         N/A       100%        7
 Borgnjor's Revivificati  Necr           0%         N/A       100%        8
 Discord                  Hex            0%         N/A       100%        8
 Disjunction              Tloc           0%         N/A       100%        8
 Ignition                 Fire           0%         3d3       100%        8
 Infestation              Necr           0%         N/A       100%        8
 Lehudib's Crystal Spear  Conj/Erth      0%         10d2      100%        8
 Polar Vortex             Ice            0%         N/A       100%        9
 Shatter                  Erth           0%         3d5*      100%        9
 Blink                    Tloc           Unusable   N/A       N/A         2
 Vhi's Electric Charge    Tloc/Air       Unusable   N/A       N/A         4

Dungeon Overview and Level Annotations

Branches:
Dungeon (15/15)            Temple (1/1) D:5            Lair (5/5) D:10
  Swamp (4/4) Lair:3        Snake (4/4) Lair:2        Slime (5/5) Lair:5
    Orc (2/2) D:12            Elf (3/3) Orc:2        Vaults (5/5) D:14
  Crypt (3/3) Vaults:3       Tomb (0/3) Crypt:3      Depths (4/4) D:15
   Hell (visited)             Dis (7/7) Hell            Geh (7/7) Hell
    Coc (7/7) Hell            Tar (7/7) Hell            Zot (5/5) Depths:4
Ossuary (visited)           IceCv (visited)

Altars:
Ashenzari
Cheibriados
Dithmenos
Elyvilon
Fedhas
Gozag
Hepliaklqana
Kikubaaqudgha
Makhleb
Nemelex Xobeh
Okawaru
Qazlal
Ru
Sif Muna
Trog
Uskayaw
Vehumet
Wu Jian
Xom
Yredelemnul
Zin
The Shining One

Shops:
D:4 :   D:7 ((=*   D:10 (   D:12 :   Orc:1 (   Orc:2 (=![?   Elf:1 :==
Elf:3 =   Snake:1 :   Snake:4 (?   Vaults:1 *[=   Vaults:2 [   Vaults:5 !?

Portals:
Hell: Depths:1 Depths:2 Depths:3 Depths:4
Abyss: Depths:3 Depths:4
Pandemonium: Depths:2
Ziggurat: Depths:2

Annotations:
D:8 exclusion: downstairs
D:10 exclusions: downstairs, red devil, 2 rust devils and smoke demon
D:12 exclusions: boulder beetle and 3 fire elementals, Jorgrun
Swamp:1 exclusion: 2 lightning spires
Snake:2 1 runed translucent door
Elf:3 1 exclusion
Crypt:1 2 transporters, Zoalos's ghost, veteran GrEE
Coc:7 Antaeus
Zot:2 exclusion: downstairs
Zot:5 1 exclusion


Innate Abilities, Weirdness & Mutations

You cannot be hasted, slowed, berserked, paralysed or teleported.
You can dig through walls and to a lower floor.
You have a pair of large antennae on your head. (SInv)
Your four strong arms can wield two-handed weapons with a shield.
You possess an exceptional clarity of mind.
You occasionally lose the ability to drink potions when taking damage.


Message History

HP restored.
There is a stone staircase leading up here.
You fly upwards.
There is a stone staircase leading down here.
There is a stone staircase leading up here.
You fly upwards.
There is a stone staircase leading down here.
There is a stone staircase leading up here.
You fly upwards.
There is a stone staircase leading down here.
An Orb Guardian comes into view.
There is a stone staircase leading up here.
You fly upwards.
There is a stone staircase leading down here.
Items here: ))))) [.
What level of the Dungeon? (default 1, ? - help)
You see here a +0 flail.
A hellephant comes into view.
There is a stone staircase leading up here.
You block the hellephant's attack. x3
You fly upwards.
There is a stone staircase leading down here.
You slash the hellephant!
The hellephant is lightly wounded.
Your +9 spectral executioner's axe hits the hellephant!!
You slice the hellephant!!
The hellephant is moderately wounded.
Your +9 spectral executioner's axe hits the hellephant!
The hellephant blinks!
Your +9 spectral executioner's axe disappears.
The hellephant breathes flames at you.
The blast of flame hits you but does no damage.
The hellephant blinks!
The hellephant breathes flames at you. The blast of flame hits you! You resist.
The hellephant blinks!
There is a stone staircase leading up here.
Magic restored.
You fly upwards.
There is a stone staircase leading down here.
What level of the Dungeon? (default 1, ? - help)
There is a stone staircase leading up here.
You fly upwards.
There is a stone staircase leading down here.
Unknown command.
HP restored.
There is an open door here.
There is an open door here.
There is a staircase leading out of the dungeon here.
You have escaped!

# #.# #.#...#.#.....#
###.###########.#.#.#.#.....#
....................#.......#
###.######..............#########
....# #..####.......#..........
...## #.## ###################
...# #.# ##...# #.....# #.. ...#
#.####..8.# #.###.# #.# ...#
#.##.'..@.# #.....# #.. .###
#.##.#..8.# ###.### ##. ...##
#.##.##...# #'# ##. .#..##
#.##.###########.######.. .##..#
#............)..........# .###.#
#.#'#####.########.######
...#.####....####'########.####
##.#...##....'.......##>.#.#..#
##.###.##....##..#..####.#'#.##


There were no monsters in sight!

Vanquished Creatures
  Cerebov (Pan)
  the Royal Jelly (Slime:5)
  the Serpent of Hell (Dis:7)
  Mnoleg (Pan)
  Gloorx Vloq (Pan)
  Ignacio (Pan)
  Ereshkigal (Tar:7)
  Lom Lobon (Pan)
  2 dread liches
  Frederick (Depths:4)
  Khufu (Crypt:3)
  4 orbs of fire (Zot:5)
  Dispater (Dis:7)
  7 ancient liches
  6 pandemonium lords (Pan)
  3 juggernauts
  2 royal mummies (Crypt:3)
  Xtahua (Crypt:1)
  Bai Suzhen (Elf:3)
  Vv (Zot:2)
  Boris (twice) (Vaults:2 Depths:2)
  2 Killer Klowns (Zot:5)
  13 shard shrikes
  Saint Roka (Vaults:2)
  the Lernaean hydra (Swamp:4)
  3 curse toes
  Geryon (Hell)
  11 golden dragons
  16 caustic shrikes
  6 profane servitors
  16 bone dragons
  The ghost of angrytalen3 the Executioner, an adept MiGl of Hepliaklqana (Elf:3)
  12 Tzitzimimeh
  Norris (Elf:3)
  5 iron giants
  Zenata (Arena)
  9 Brimstone Fiends
  4 doom hounds
  A spectral shard shrike (Tar:2)
  6 electric golems
  11 Hell Sentinels
  12 hellephants
  19 tentacled monstrosities
  8 liches
  13 Ice Fiends
  16 searing wretches
  6 tainted leviathans
  10 deep elf blademasters
  24 Orb Guardians
  9 quicksilver dragons
  Asterion (Snake:1)
  2 walking frostbound tomes
  19 titans
  19 Executioners (Pan)
  17 acid blobs
  6 sphinxes
  Gastronok (Lair:2)
  7 deep elf master archers
  Murray (Hell)
  14 death cobs
  3 thorn hunters (Swamp:2)
  12 tengu reavers
  30 ancient champions
  Roxanne (Swamp:2)
  4 tentacled starspawn
  16 shadow dragons
  7 demonspawn warmongers (Pan)
  17 protean progenitors
  17 storm dragons
  2 revenants (Crypt:3)
  5 rockslimes
  2 daevas
  9 azure jellies
  6 nagarajas
  Donald (Swamp:1)
  5 draconian monks
  3 draconian knights
  5 quicksilver elementals
  26 balrugs
  3 ghost moths
  11 narguns
  27 fire giants
  13 vault wardens
  20 frost giants
  12 iron dragons
  11 deep elf sorcerers
  7 draconian scorchers
  A spectral juggernaut (Tar:5)
  2 shard shrike simulacra
  4 draconian shifters
  An angel (Abyss:3)
  7 curse skulls
  7 draconian annihilators
  A spectral caustic shrike (Crypt:3)
  19 cacodemons
  5 draconian stormcallers
  2 spriggan defenders (Depths:4)
  23 ironbound preservers
  32 reapers
  8 demonspawn corrupters (Pan)
  An orc warlord (Vaults:1)
  3 deep elf elementalists (Elf:3)
  4 caustic shrike skeletons
  13 ghouls
  10 ironbound thunderhulks
  5 demonspawn blood saints (Pan)
  7 very ugly things
  24 stone giants
  8 eleionomae
  15 quicksilver oozes
  11 elemental wellsprings
  3 juggernaut skeletons
  7 formless jellyfish
  11 deep elf annihilators
  11 black draconians
  7 putrid mouths
  11 vampire knights
  8 deep elf demonologists
  8 demonspawn black suns (Pan)
  19 deep elf death magi
  14 wendigos
  8 green draconians
  13 purple draconians
  12 white draconians
  4 bunyips
  16 dire elephants
  10 yellow draconians
  5 lorocyprocas
  7 spark wasps
  35 war gargoyles
  A merfolk javelineer (Abyss:3)
  12 red draconians
  10 fire dragons
  A crystal guardian (Vaults:4)
  14 blizzard demons
  6 eidola
  Snorg (D:12)
  7 ettins
  5 deep elf high priests
  24 iron golems
  14 yaktaur captains
  Josephine (Orc:1)
  10 green deaths
  A spectral golden dragon (Tar:6)
  2 spectral spriggans (Tar:1)
  9 jiangshi
  2 shambling mangroves (Swamp:2)
  5 entropy weavers
  14 great orbs of eyes
  12 ice dragons
  A salamander tyrant (Geh:2)
  A hell beast (Pan)
  2 peacekeepers (Vaults:4)
  5 caustic shrike simulacra
  2 jorogumos (Pan)
  5 ogre magi
  13 rakshasas
  23 hydras
  A fenstrider witch skeleton (Crypt:2)
  9 spriggan air magi
  Fannar (D:12)
  An anaconda (shapeshifter) (Vaults:5)
  An Orb Guardian zombie (Crypt:3)
  2 catoblepae (Lair:5)
  A spriggan skeleton (Crypt:2)
  A merfolk aquamancer (Pan)
  28 vault guards
  8 ironbound frosthearts
  6 alligators
  20 centaur warriors
  3 ghost crabs
  10 anacondas
  8 two-headed ogres
  2 juggernaut simulacra
  37 dancing weapons
  8 stokers
  8 boulder beetles
  2 satyrs
  2 death knights (Crypt:1)
  3 deep troll earth magi
  10 deep troll shamans
  A spectral stone giant (Tar:2)
  34 hell hogs
  7 vampire magi
  12 naga sharpshooters
  5 tengu warriors
  11 naga warriors
  7 spriggan berserkers
  A shock serpent (shapeshifter) (Vaults:3)
  10 demonic crawlers
  A spectral dire elephant (Tar:1)
  A spectral storm dragon (Tar:1)
  7 orc high priests
  8 shock serpents
  2 thrashing horrors (Abyss:3)
  10 death yaks
  21 hell knights
  3 occultists
  24 deep elf knights
  21 soul eaters
  14 spriggans
  9 skysharks
  28 shadow wraiths
  55 sun demons
  7 wretched stars (Abyss:3)
  12 crystal echidnas
  3 salamander mystics
  A skyshark (shapeshifter) (Depths:2)
  11 skeletal warriors
  A deep troll (shapeshifter) (Vaults:3)
  31 sixfirhies
  A fire crab (D:15)
  2 hellephant skeletons (Pan)
  3 goliath frogs (Pan)
  12 mana vipers
  A mana viper (shapeshifter) (Depths:1)
  5 sea snakes (Snake:3)
  8 iron trolls
  A storm dragon skeleton (Vaults:2)
  10 glowing orange brains
  11 swamp dragons
  12 arcanists
  A spectral iron dragon (Tar:1)
  6 lindwurms (Vaults:2)
  3 quicksilver dragon simulacra
  Pikel (D:9)
  2 anaconda zombies (Hell)
  47 deep trolls
  21 shadow demons (Pan)
  3 spriggan druids
  2 spriggan simulacra (Coc:3)
  10 flayed ghosts
  13 ironbound convokers
  5 sun moths (Pan)
  7 bog bodies
  4 naga ritualists (Snake:4)
  2 alligator zombies (Hell)
  2 anaconda skeletons
  25 deep elf archers
  61 ugly things
  7 necromancers
  37 phantasmal warriors
  A fenstrider witch simulacrum (Coc:1)
  35 deep elf pyromancers
  34 starcursed masses (Abyss:3)
  32 deep elf zephyrmancers
  A shadow dragon skeleton (Crypt:1)
  10 orc knights
  A wolf spider (Lair:5)
  A manticore (shapeshifter) (Depths:2)
  An alligator skeleton (Crypt:3)
  4 orc sorcerers
  A faun (shapeshifter) (Vaults:2)
  A spectral alligator snapping turtle (Tar:1)
  3 spectral centaurs
  2 worldbinders (Abyss:3)
  6 cyclopes
  A moth of wrath (shapeshifter) (Vaults:5)
  16 salamanders
  27 moths of wrath
  An oklob plant (Swamp:2)
  2 manticores
  3 centaur zombies
  5 will-o-the-wisps
  An iron dragon skeleton (Crypt:2)
  Maurice (D:11)
  3 shining eyes
  3 meliai (D:15)
  2 Executioner simulacra (Pan)
  15 naga magi
  A human skeleton (Vaults:2)
  5 guardian serpents
  34 smoke demons
  2 dire elephant zombies
  A torpor snail (Lair:5)
  A shock serpent zombie (Crypt:1)
  34 black mambas
  28 vault sentinels
  A stone giant skeleton (Hell)
  An elephant slug zombie (Crypt:2)
  4 rust devils
  An eye of devastation (Pan)
  A water nymph (shapeshifter) (Depths:3)
  4 elephants
  2 water nymphs (Pan)
  2 gargoyles
  2 titan simulacra
  An ice statue (IceCv)
  3 molten gargoyles (Hell)
  19 orange demons
  A dire elephant skeleton (Hell)
  A formless jellyfish zombie (Crypt:2)
  Maggie (D:9)
  2 apocalypse crabs (Abyss:3)
  5 rime drakes
  25 large abominations
  15 cane toads
  A naga skeleton (Crypt:2)
  19 yaktaurs
  16 hellions
  A centaur skeleton (Crypt:2)
  2 kobold demonologists
  6 efreet
  6 anaconda simulacra
  6 komodo dragons
  6 unseen horrors
  2 tengu conjurers (Depths:3)
  15 tormentors
  A komodo dragon (shapeshifter) (Elf:1)
  12 freezing wraiths
  Psyche (D:11)
  A sea snake zombie (Hell)
  A grey draconian skeleton (Crypt:2)
  A spectral naga (Crypt:3)
  A redback zombie (Crypt:2)
  5 spectral harpies
  2 ice devils (Pan)
  2 iron giant simulacra
  3 ancient zymes (Abyss:3)
  A harpy zombie (Hell)
  3 merfolk (D:14)
  A silent spectre (Tar:1)
  A black draconian skeleton (Crypt:3)
  5 red devils (Pan)
  18 hellwings
  11 trolls
  A hydra zombie (Hell)
  An iron troll skeleton (Crypt:3)
  8 tyrant leeches
  20 hornets
  A queen bee (shapeshifter) (D:13)
  A shadow dragon simulacrum (Coc:1)
  A tarantella (shapeshifter) (Vaults:5)
  15 polar bears
  An iron dragon simulacrum (Coc:1)
  14 raiju
  8 blink frogs
  2 hydra skeletons (Hell)
  12 dream sheep
  A dream sheep (shapeshifter) (D:15)
  40 slime creatures
  An ettin zombie (Vaults:2)
  2 glass eyes
  4 stone giant simulacra
  2 ice dragon skeletons
  8 dire elephant simulacra
  A culicivora (shapeshifter) (Vaults:5)
  9 shadows
  3 water elementals
  3 air elementals
  4 naga simulacra
  34 yaks
  5 fire elementals
  15 wyverns
  5 basilisks
  A fire bat (Orc:2)
  26 neqoxecs
  16 wraiths
  14 ynoxinuls
  A golden eye (shapeshifter) (D:14)
  3 vampire mosquitoes (D:14)
  5 wargs
  16 chaos spawn
  4 redbacks
  32 nagas
  Menkaure (Ossuary)
  23 swamp worms
  18 small abominations
  4 hydra simulacra
  A skyshark zombie (Crypt:2)
  16 harpy simulacra
  33 water moccasins
  22 hell hounds
  11 swamp drakes
  Duvessa (D:5)
  13 black bears
  3 ettin simulacra
  37 orc warriors
  A cane toad skeleton (Crypt:1)
  30 laughing skulls
  3 ice beasts
  36 wolves
  3 boggarts (Vaults:1)
  10 ogres
  4 lemures (D:9)
  2 hog zombies
  10 centaurs
  2 rime drake zombies (Crypt:1)
  11 weeping skulls
  3 kobold brigands
  2 brain worms (Abyss:3)
  Blork the orc (D:4)
  4 earth elementals
  A cyclops zombie (Crypt:1)
  2 scorpions
  13 bullfrogs
  A gnoll sergeant (D:9)
  9 necrophages
  10 wights
  An ogre simulacrum (Vaults:2)
  Dowan (D:5)
  A water moccasin skeleton (Crypt:1)
  An oklob sapling (Swamp:2)
  3 killer bees (D:7)
  4 electric eels
  3 howler monkeys
  2 bombardier beetles (D:5)
  2 quasits (Abyss:3)
  A wolf skeleton (Crypt:3)
  33 orc priests
  3 gnoll boudas
  Crazy Yiuf (D:3)
  9 jellies
  3 iguanas
  A human zombie (Crypt:1)
  23 orc wizards
  2 sleepcaps
  A tengu skeleton (Crypt:1)
  3 mummies (Ossuary)
  18 gnolls
  3 adders
  4 white imps
  100 orcs
  9 ball pythons
  2 endoplasms
  4 giant cockroaches
  10 goblins
  6 hobgoblins
  5 quokkas
  6 bats
  3 frilled lizards
  3 gnoll skeletons (Ossuary)
  3 gnoll zombies (Ossuary)
  8 goblin skeletons
  6 goblin zombies (Ossuary)
  3 hobgoblin skeletons (Ossuary)
  4 hobgoblin zombies (Ossuary)
  20 kobolds
  2 kobold skeletons
  4 kobold zombies (Ossuary)
  4 orc skeletons (Ossuary)
  4 orc zombies (Ossuary)
  6 rats
  7 rat skeletons (Ossuary)
  4 rat zombies (Ossuary)
  4 aspiring fleshes
  A creeping inferno (Geh:1)
  9 fire vortices
  4 spectral weapons
  6 starspawn tentacles
3731 creatures vanquished.

Vanquished Creatures (collateral kills)
  Asmodeus (Geh:7)
  A royal mummy (Crypt:3)
  A Brimstone Fiend (Geh:7)
  A Hell Sentinel (Dis:7)
  A tainted leviathan (Tar:7)
  3 Ice Fiends (Coc:7)
  A quicksilver elemental (Dis:7)
  2 cacodemons (Pan)
  2 draconian annihilators (Pan)
  A vampire knight (Crypt:3)
  A very ugly thing (Pan)
  3 wendigos (Coc:7)
  A deep elf annihilator (Pan)
  2 iron golems (Dis:7)
  A spriggan air mage (Pan)
  A rakshasa (Pan)
  An ice dragon (Pan)
  A juggernaut simulacrum (Coc:7)
  A merfolk aquamancer (Pan)
  A sixfirhy (Pan)
  A goliath frog (Pan)
  A glowing orange brain (Pan)
  A shadow demon (Pan)
  4 orange demons (Pan)
  An iron giant simulacrum (Coc:7)
  A naga simulacrum (Coc:7)
  2 neqoxecs (Pan)
  A chaos spawn (Pan)
39 creatures vanquished.

Vanquished Creatures (others)
  An Ice Fiend (Coc:5)
  Rupert (D:13)
  A deep elf master archer (Pan)
  An eldritch tentacle (Pan)
  A shadow dragon (Zot:2)
  A shard shrike simulacrum (Coc:5)
  A demonspawn blood saint (Pan)
  A blizzard demon (Pan)
  2 great orbs of eyes (Pan)
  A caustic shrike simulacrum (Coc:5)
  2 juggernaut simulacra
  A deep elf knight (Elf:2)
  A sun demon (Pan)
  2 quicksilver dragon simulacra
  A spriggan simulacrum (Coc:4)
  An ironbound convoker (Vaults:2)
  A deep elf pyromancer (Elf:1)
  A moth of wrath (Zot:3)
  A will-o-the-wisp (Swamp:1)
  3 eyes of devastation (Pan)
  A smoke demon (Pan)
  2 titan simulacra (Coc:1)
  3 bloated husks
  A hellwing (Pan)
  A hornet (Swamp:1)
  An air elemental (Elf:3)
  A centaur simulacrum (Coc:2)
  A water elemental (Elf:1)
  3 harpy simulacra
  A hydra simulacrum (Coc:1)
  A naga simulacrum (Coc:1)
  6 ball lightnings (Pan)
  2 creeping infernos
  16 foxfires
  A lurking horror (Abyss:3)
  71 spectral weapons
  5 starspawn tentacles (Abyss:3)
142 creatures vanquished.

Grand Total: 3912 creatures vanquished

Notes
Turn   | Place    | Note
-------+----------+-------------------------------------------
     0 | D:1      | shadowrider38 the Formicid Wanderer began the quest for the
                  | Orb.
     0 | D:1      | shadowrider38 set off with the following items: a +3
                  | dagger, a potion of heal wounds, a scroll of fear, a +0
                  | leather armour; and the following spell memorised: Summon
                  | Small Mammal; and the following spells available to
                  | memorise: Call Canine Familiar.
     0 | D:1      | Reached XP level 1. HP: 20/20 MP: 2/2
   168 | D:1      | Reached XP level 2. HP: 26/26 MP: 3/3
   493 | D:1      | Reached XP level 3. HP: 31/31 MP: 4/4
  1038 | D:2      | Reached skill level 3 in Axes
  1325 | D:2      | Reached XP level 4. HP: 38/38 MP: 5/5
  1679 | D:3      | Reached XP level 5. HP: 32/43 MP: 6/6
  1987 | D:3      | Found a runed translucent door.
  1988 | D:3      | Noticed Crazy Yiuf
  2551 | D:4      | Found Jagis's Tiny Tomes.
  3068 | D:4      | Reached XP level 6. HP: 39/49 MP: 7/7
  3069 | D:4      | Noticed Blork the orc
  3081 | D:4      | Killed Blork the orc
  3647 | D:5      | Entered Level 5 of the Dungeon
  3710 | D:5      | Noticed an ogre
  3715 | D:5      | Killed an ogre
  3716 | D:5      | Reached XP level 7. HP: 40/55 MP: 8/8
  4226 | D:5      | Noticed Dowan
  4243 | D:5      | Noticed Duvessa
  4253 | D:5      | Killed Duvessa
  4254 | D:5      | Reached skill level 3 in Polearms
  4258 | D:5      | Killed Dowan
  4259 | D:5      | Reached XP level 8. HP: 61/61 MP: 9/9
  4330 | D:5      | Found a staircase to the Ecumenical Temple.
  4716 | D:6      | Found a sacrificial altar of Ru.
  5386 | D:6      | Identified the amulet of Zebrops {Spirit rElec rC++ Int-3
                  | Stlth+}
  5522 | Temple   | Entered the Ecumenical Temple
  5616 | D:7      | Reached XP level 9. HP: 16/66 MP: 6/10
  5852 | D:7      | Found a sand-covered staircase.
  5856 | Ossuary  | Entered an ossuary
  6452 | Ossuary  | Noticed Menkaure
  6457 | Ossuary  | Killed Menkaure
  6522 | D:7      | Found Hacwu's Antique Weapon Boutique.
  6621 | D:7      | Bought a smoking hand axe for 208 gold pieces
  6621 | D:7      | Identified the +6 hand axe "Wyuhyh" {flame, rC- Dex+2 SInv}
                  | (You bought it in a shop on level 7 of the Dungeon)
  6920 | D:7      | Reached skill level 3 in Armour
  6921 | D:7      | Found Jeeves's Antique Weapon Emporium.
  7288 | D:7      | Found Wegill's Assorted Antiques.
  7291 | D:7      | Bought a viscous orange potion for 28 gold pieces
  7438 | D:7      | Found Husuveyl's Jewellery Emporium.
  7857 | D:8      | Found a shimmering blue altar of Sif Muna.
  8262 | D:9      | Found a broken altar of Ashenzari.
  8363 | D:9      | Noticed a gargoyle
  8440 | D:9      | Reached skill level 9 in Axes
  8454 | D:9      | Reached XP level 10. HP: 65/76 MP: 9/11
  8499 | D:9      | Noticed Maggie
  8507 | D:9      | Killed Maggie
  9082 | D:3      | Killed Crazy Yiuf
  9267 | D:9      | Found a radiant altar of Vehumet.
  9400 | D:9      | Killed a gargoyle
  9616 | D:9      | Found an iron altar of Okawaru.
  9625 | D:9      | Identified the +2 falchion of Wanoim {elec, rC- rN+ rCorr}
  9629 | D:9      | Became a worshipper of Warmaster Okawaru
  9630 | D:9      | Identified the +10 mace of Iclag {freeze, rF+}
  9632 | D:9      | Noticed a two-headed ogre
  9677 | D:9      | Noticed Pikel
  9887 | D:9      | Killed Pikel
 10022 | D:10     | Entered Level 10 of the Dungeon
 10124 | D:7      | Bought a polished chain mail for 304 gold pieces
 10124 | D:7      | Identified the +1 chain mail "Ugegor" {rF- rC++} (You
                  | bought it in a shop on level 7 of the Dungeon)
 10289 | D:10     | Found a staircase to the Lair.
 10289 | D:10     | Noticed a death yak
 11299 | D:10     | Identified the +5 flail of the Big Bang {elec, Int+2}
 11317 | D:10     | Reached * piety under Okawaru
 11330 | D:10     | Noticed a rust devil
 11330 | D:10     | Noticed a smoke demon
 11420 | D:10     | Reached XP level 11. HP: 85/86 MP: 12/12
 11445 | D:10     | Found Latwuc's Weapon Boutique.
 11526 | D:10     | Reached skill level 3 in Maces & Flails
 11551 | D:10     | Reached skill level 3 in Dodging
 11764 | D:10     | Noticed a two-headed ogre
 11816 | D:10     | Killed a death yak
 11816 | D:10     | Reached ** piety under Okawaru
 12134 | D:10     | Found a glowing silver altar of Zin.
 12135 | D:10     | Found a basalt altar of Yredelemnul.
 12138 | D:10     | Found a sparkling altar of Nemelex Xobeh.
 12393 | D:10     | Killed a two-headed ogre
 13124 | D:11     | Noticed Maurice
 13136 | D:11     | Killed Maurice
 13136 | D:11     | Reached *** piety under Okawaru
 13187 | D:11     | Noticed a two-headed ogre
 13252 | D:11     | Noticed Psyche
 13367 | D:11     | Noticed a cyclops
 13529 | D:11     | Killed a two-headed ogre
 13981 | D:11     | Killed Psyche
 14093 | Lair:1   | Entered Level 1 of the Lair of Beasts
 14569 | Lair:1   | Reached XP level 12. HP: 94/94 MP: 13/13
 14750 | Lair:2   | Reached **** piety under Okawaru
 14760 | Lair:2   | Noticed Sonja
 14881 | Lair:2   | Noticed a skyshark
 14935 | Lair:2   | Noticed a skyshark
 14953 | Lair:2   | Killed a skyshark
 15096 | Lair:2   | Found a staircase to the Snake Pit.
 15117 | Lair:2   | Reached skill level 9 in Fighting
 15436 | Lair:2   | Noticed an eight-headed hydra
 15919 | Lair:2   | Killed a skyshark
 16617 | Lair:3   | Noticed Gastronok
 16651 | Lair:2   | Killed Gastronok
 16651 | Lair:2   | Reached ***** piety under Okawaru
 16807 | Lair:3   | Received a gift from Okawaru
 17233 | Lair:3   | Noticed a four-headed hydra
 17256 | Lair:3   | Killed a one-headed hydra
 17257 | Lair:3   | Reached XP level 13. HP: 48/103 MP: 7/14
 18579 | Lair:3   | Received a gift from Okawaru
 18816 | Lair:4   | Noticed a four-headed hydra
 18824 | Lair:4   | Killed a one-headed hydra
 18973 | Lair:4   | Found a radiant altar of Vehumet.
 19013 | Lair:4   | Received a gift from Okawaru
 19596 | Lair:4   | Noticed an eight-headed hydra
 19602 | Lair:4   | Killed a four-headed hydra
 19738 | Lair:4   | Reached skill level 3 in Evocations
 20296 | Lair:5   | Entered Level 5 of the Lair of Beasts
 20296 | Lair:5   | Found a staircase to the Slime Pits.
 20383 | Lair:5   | Reached skill level 15 in Axes
 20501 | Lair:5   | Received a gift from Okawaru
 20704 | Lair:5   | Noticed a catoblepas
 20823 | Lair:5   | Reached XP level 14. HP: 52/111 MP: 12/15
 20852 | Lair:5   | HP: 3/166 [wolf spider (8)]
 21682 | Lair:5   | Received a gift from Okawaru
 22589 | Lair:5   | Received a gift from Okawaru
 23793 | Lair:5   | Received a gift from Okawaru
 24417 | Lair:2   | Reached XP level 15. HP: 80/121 MP: 16/16
 24676 | D:12     | Noticed Snorg
 24864 | D:12     | Found a staircase to the Orcish Mines.
 24966 | D:12     | Noticed Fannar
 25027 | D:12     | Reached skill level 3 in Invocations
 25496 | D:12     | Noticed Jorgrun
 26008 | Orc:1    | Entered Level 1 of the Orcish Mines
 26072 | Orc:1    | Found Yluhoykiru's Antique Weapon Shoppe.
 26231 | Orc:1    | Noticed Josephine
 26355 | Orc:1    | Killed Josephine
 26360 | Orc:1    | Reached ****** piety under Okawaru
 26361 | Orc:1    | Acquired a +0 executioner's axe of holy wrath {god gift}
 26361 | Orc:1    | Received a gift from Okawaru
 26442 | Orc:1    | Acquired the +3 pair of gauntlets of War {god gift, Slay+5}
 26442 | Orc:1    | Received a gift from Okawaru
 26442 | Orc:1    | Found the +3 pair of gauntlets of War {god gift, Slay+5}
 26666 | Orc:2    | Entered Level 2 of the Orcish Mines
 26897 | Orc:2    | Found a staircase to the Elven Halls.
 27066 | Orc:2    | Received a gift from Okawaru
 27117 | Orc:2    | Found Ytusaew's Antique Armour Shop.
 27360 | Orc:1    | Found a burning altar of Makhleb.
 27408 | Orc:2    | Found a shimmering altar of Xom.
 29299 | Orc:2    | Found Itueblof's Antique Weapon Shop.
 29299 | Orc:2    | Found Ibreetin's Magic Scroll Shop.
 29300 | Orc:2    | Found Nuel Tyq's Jewellery Boutique.
 29300 | Orc:2    | Found Jiat's Distillery.
 29311 | Orc:2    | Bought a scroll of fear for 52 gold pieces
 29311 | Orc:2    | Bought a scroll of brand weapon for 123 gold pieces
 29311 | Orc:2    | Bought a scroll of enchant armour for 97 gold pieces
 29778 | D:12     | Killed Snorg
 29778 | D:12     | Received a gift from Okawaru
 29779 | D:12     | Found Kaoppuc's Book Shop.
 29901 | D:12     | Killed Fannar
 29972 | D:13     | Noticed Rupert
 29979 | D:13     | Killed Rupert
 30116 | D:13     | Reached XP level 16. HP: 83/131 MP: 19/22
 30117 | D:13     | Found a frozen archway.
 30244 | IceCv    | Entered an ice cave
 30377 | IceCv    | Received a gift from Okawaru
 30842 | IceCv    | Noticed a frost giant
 30896 | IceCv    | Killed a frost giant
 31969 | D:14     | Received a gift from Okawaru
 32094 | D:14     | Found a runed translucent door.
 32359 | D:14     | Found the +2 pair of slick slippers {slick, slippery, EV+4}
 32814 | D:14     | Found a gate to the Vaults.
 33173 | D:15     | Entered Level 15 of the Dungeon
 33689 | D:15     | Received a gift from Okawaru
 34743 | D:15     | Found a staircase to the Depths.
 34785 | D:15     | Reached skill level 15 in Fighting
 35216 | D:15     | Reached XP level 17. HP: 142/142 MP: 23/23
 35494 | D:15     | Found a staircase to the Depths.
 35928 | Lair:2   | Sonja changed into Sonja the warg
 35928 | Lair:2   | Noticed Sonja
 35932 | Lair:2   | Killed Sonja the warg
 36012 | Lair:3   | Found a staircase to the Swamp.
 36240 | D:7      | Bought the ring "Peangux" {Fly rPois} for 459 gold pieces
 36401 | Snake:1  | Entered Level 1 of the Snake Pit
 36419 | Snake:1  | Reached skill level 3 in Shields
 36748 | Snake:1  | Received a gift from Okawaru
 36928 | Snake:1  | Noticed Asterion
 38067 | Snake:1  | Found Zoys's Self-Improvement Boutique.
 38269 | Snake:1  | Killed Asterion
 39421 | Snake:2  | Received a gift from Okawaru
 39722 | Snake:2  | Found a runed translucent door.
 40982 | Snake:3  | Received a gift from Okawaru
 41050 | Snake:3  | Reached skill level 21 in Axes
 41072 | Snake:3  | Reached XP level 18. HP: 144/149 MP: 24/24
 41875 | Snake:4  | Entered Level 4 of the Snake Pit
 42035 | Swamp:1  | Entered Level 1 of the Swamp
 42353 | Swamp:1  | Received a gift from Okawaru
 43059 | Swamp:1  | Noticed Donald
 43068 | Swamp:1  | Killed Donald
 43069 | Swamp:1  | Reached skill level 9 in Shields
 43525 | Swamp:2  | Noticed Roxanne
 43876 | Swamp:2  | Identified the +7 chain mail of Gravitas {Str+3 Slay+6}
 44059 | Swamp:2  | Killed Roxanne
 44571 | Swamp:3  | Received a gift from Okawaru
 45158 | Elf:1    | Entered Level 1 of the Elven Halls
 45282 | Arena    | Entered the Arena
 45541 | Elf:1    | Received a gift from Okawaru
 45832 | Elf:1    | Found Hasiff's Jewellery Shoppe.
 45834 | Elf:1    | Found Siraes's Book Boutique.
 45835 | Elf:1    | Found Soirphid's Jewellery Shoppe.
 46419 | Elf:1    | Reached XP level 19. HP: 140/155 MP: 23/25
 47147 | Elf:2    | Got the Compendium of Plaster Cramp
 47342 | Elf:2    | Received a gift from Okawaru
 47525 | Elf:2    | Got the Papyrus of Combed Thunderclap
 47785 | Elf:2    | Identified the +3 leather armour "Kimah" {Will+}
 48288 | Elf:2    | Found a runed translucent gate.
 48289 | Elf:2    | Found a runed translucent gate.
 48289 | Elf:2    | Found a runed translucent gate.
 48933 | Elf:2    | Noticed a deep elf blademaster
 48943 | Arena    | Entered the Arena
 48950 | Arena    | Killed a deep elf blademaster
 49376 | Elf:2    | Received a gift from Okawaru
 49377 | Elf:2    | Reached skill level 15 in Shields
 50201 | Snake:4  | Found Jaraplov's Weapon Emporium.
 50205 | Snake:4  | Found Xarof's Magic Scroll Emporium.
 50217 | Snake:4  | Bought 2 throwing nets for 84 gold pieces
 50414 | Snake:4  | Reached skill level 9 in Armour
 50808 | Snake:4  | Received a gift from Okawaru
 50889 | Snake:4  | Reached XP level 20. HP: 161/163 MP: 26/26
 51566 | Snake:4  | Got a serpentine rune of Zot
 51842 | Swamp:4  | Entered Level 4 of the Swamp
 51998 | Swamp:4  | Received a gift from Okawaru
 52657 | Swamp:4  | Noticed the 27-headed Lernaean hydra
 52668 | Swamp:4  | Received a gift from Okawaru
 52672 | Swamp:4  | Killed the 22-headed Lernaean hydra
 52856 | Swamp:4  | Got a decaying rune of Zot
 53439 | Elf:3    | Entered Level 3 of the Elven Halls
 53510 | Elf:3    | Found a runed translucent door.
 53513 | Elf:3    | Noticed angrytalen3's ghost (adept MiGl)
 53669 | Elf:1    | Bought a ring of willpower for 400 gold pieces
 53761 | Elf:3    | Found Xuroj's Jewellery Emporium.
 53950 | Elf:3    | Identified the +1 flail of Insufficient Pleasure {elec,
                  | *Slow MP+9 Str+6 Int+4}
 53984 | Elf:3    | Identified the +1 leather armour of Plog {rC- Int+9 Stlth+}
 53997 | Elf:3    | Reached XP level 21. HP: 170/172 MP: 27/27
 54009 | Elf:3    | Noticed Bai Suzhen
 54039 | Elf:3    | Killed Bai Suzhen
 54039 | Elf:3    | Received a gift from Okawaru
 54064 | Elf:3    | Identified the +0 robe of the Shining One's Whim {rF+ Dex+4
                  | Archmagi}
 54088 | Elf:3    | Reached skill level 3 in Throwing
 54630 | Elf:3    | Identified the ring "Poma" {Wiz rN+ Will++ Str+3}
 54640 | Elf:3    | Received a gift from Okawaru
 54906 | Elf:3    | Reached skill level 9 in Invocations
 55409 | Elf:3    | Identified the ring of Nosidgher {rN+ rCorr}
 55434 | Elf:3    | Noticed Norris
 55452 | Elf:3    | Killed Norris
 55566 | Elf:3    | Got the Lectures on the Flinty Morgue
 55628 | Elf:3    | Got the Teachings on the Stormy Ground
 55958 | Vaults:1 | Entered Level 1 of the Vaults
 55968 | Vaults:1 | Found Sedidum's General Store.
 56304 | Vaults:1 | Received a gift from Okawaru
 56669 | Vaults:1 | Found Cunuonio's Armour Shop.
 56823 | Vaults:1 | Found Nuimny's Jewellery Emporium.
 56971 | Vaults:1 | Reached XP level 22. HP: 186/186 MP: 26/29
 56979 | Vaults:1 | Received a gift from Okawaru
 57400 | Vaults:2 | Noticed Saint Roka
 57441 | Vaults:2 | Killed Saint Roka
 57682 | Vaults:2 | Reached skill level 9 in Throwing
 57800 | Vaults:2 | Received a gift from Okawaru
 57820 | Vaults:2 | Noticed Zenata
 57827 | Arena    | Entered the Arena
 57834 | Arena    | Killed Zenata
 57907 | Vaults:2 | Found Cylofahi's Armour Emporium.
 58073 | Vaults:2 | Noticed Boris
 58086 | Vaults:2 | Killed Boris
 58380 | Vaults:2 | Received a gift from Okawaru
 59093 | Vaults:3 | Found a staircase to the Crypt.
 59192 | Vaults:3 | Received a gift from Okawaru
 59461 | Vaults:3 | Reached XP level 23. HP: 196/196 MP: 32/32
 59637 | Vaults:3 | Got Cerebov's Verses on Immolation
 60196 | Vaults:4 | Received a gift from Okawaru
 60601 | Vaults:4 | Identified the +2 chain mail of the Sunfish {Str+4}
 61249 | Vaults:4 | Received a gift from Okawaru
 61311 | Vaults:4 | Reached skill level 21 in Shields
 61926 | Depths:1 | Entered Level 1 of the Depths
 62096 | Depths:1 | Received a gift from Okawaru
 62386 | Depths:1 | Found a gateway to Hell.
 62399 | Depths:1 | Reached XP level 24. HP: 180/204 MP: 31/32
 62737 | Depths:1 | Identified the amulet "Awkofith" {Acrobat rN+++ Dex-5
                  | Slay-2 Stlth+}
 62829 | Depths:1 | Received a gift from Okawaru
 62964 | Depths:1 | Noticed a caustic shrike
 62971 | Depths:1 | Killed a caustic shrike
 63370 | Depths:2 | Noticed Boris
 63379 | Depths:2 | Killed Boris
 63383 | Depths:2 | Noticed a caustic shrike
 63392 | Depths:2 | Killed a caustic shrike
 63408 | Depths:2 | Noticed a juggernaut
 63430 | Depths:2 | Killed a juggernaut
 63430 | Depths:2 | Received a gift from Okawaru
 63557 | Depths:2 | Noticed a caustic shrike
 63568 | Depths:2 | Killed a caustic shrike
 63941 | Depths:2 | Found a one-way gateway to a ziggurat.
 64025 | Depths:2 | Found a one-way gate leading to the halls of Pandemonium.
 64675 | Depths:3 | Received a gift from Okawaru
 64712 | Depths:3 | Reached skill level 21 in Fighting
 64902 | Depths:3 | Received a gift from Okawaru
 64903 | Depths:3 | Reached XP level 25. HP: 178/212 MP: 17/32
 65513 | Depths:3 | Found a one-way gate to the infinite horrors of the Abyss.
 66088 | Depths:4 | Entered Level 4 of the Depths
 66117 | Depths:4 | Reached skill level 15 in Armour
 66356 | Depths:4 | Received a gift from Okawaru
 66415 | Depths:4 | Identified the orb of Erofruos {*channel, Str+6}
 66415 | Depths:4 | Noticed Frederick
 66782 | Depths:4 | Killed Frederick
 67076 | Depths:4 | Found a gate to the Realm of Zot.
 67999 | Slime:1  | Entered Level 1 of the Pits of Slime
 68106 | Slime:3  | Received a gift from Okawaru
 68284 | Slime:5  | Entered Level 5 of the Pits of Slime
 68590 | Slime:5  | Received a gift from Okawaru
 68669 | Slime:5  | Noticed the Royal Jelly
 68683 | Slime:5  | Killed the Royal Jelly
 68852 | Slime:5  | Identified the +3 shortbow of Nightmares {drain, Dex+3}
 68855 | Slime:5  | Identified the +7 shortbow of Rocuont {freeze, rF+}
 68861 | Slime:5  | Identified the +7 scimitar of the Nurturing Blowfly
                  | {protect, rF++ rCorr Int+3}
 68865 | Slime:5  | Got a slimy rune of Zot
 68866 | Slime:5  | Identified the +8 short sword "Qaran" {distort, rCorr
                  | Dex+3}
 68883 | Slime:5  | Identified the +3 leather armour of Distant Shores {Will+++
                  | Int-4 Dex+6}
 68884 | Slime:5  | Identified the staff of Agoff {rElec Str+2 Int-2 Summ Ice
                  | Air}
 68885 | Slime:5  | Identified the +11 short sword "Epoq" {flame, rElec rC+}
 68907 | Slime:5  | Got the Omnibus of Mezcal
 68930 | Slime:5  | Identified the +4 chain mail of Dramatic Exits {Dex+3
                  | Stlth+}
 69464 | Vaults:5 | Entered Level 5 of the Vaults
 69472 | Vaults:4 | Reached XP level 26. HP: 231/231 MP: 32/32
 69539 | Vaults:4 | You are sucked into a shaft and drop 1 floor!
 69607 | Vaults:5 | Identified the +6 great sword of Conservatism {spect, rN+
                  | Int+3}
 69649 | Vaults:5 | Received a gift from Okawaru
 69680 | Vaults:5 | Found Ullumumo's Magic Scroll Shoppe.
 69709 | Vaults:5 | Bought a scroll of acquirement for 728 gold pieces
 69713 | Vaults:5 | Acquired the ring of Cynicism {Fly rF++ rC++ Dex+2}
 69721 | Vaults:5 | Identified the +4 war axe of the Wizarding Gods {elec,
                  | +Blink rF- rN+}
 69940 | Vaults:5 | Noticed an ancient lich
 69951 | Vaults:5 | Killed an ancient lich
 69961 | Vaults:5 | Reached skill level 15 in Throwing
 70082 | Vaults:5 | Got a silver rune of Zot
 70690 | Vaults:4 | You are sucked into a shaft and drop 1 floor!
 70733 | Vaults:5 | Received a gift from Okawaru
 71100 | Arena    | Entered the Arena
 71117 | Vaults:5 | Noticed an ancient lich
 71132 | Arena    | Entered the Arena
 71136 | Arena    | Killed an ancient lich
 71495 | Vaults:5 | Identified the staff of Humo {Will+ Str+3 Dex+3 Conj}
 71496 | Vaults:5 | Noticed an ancient lich
 71511 | Vaults:4 | You are sucked into a shaft and drop 1 floor!
 71574 | Vaults:5 | Got the Anthology of the Azure Catacomb
 71680 | Vaults:5 | Received a gift from Okawaru
 71718 | Vaults:4 | Killed an ancient lich
 71804 | Vaults:5 | Identified the +6 mace "Osarch" {vamp, ^Fragile rElec rCorr
                  | Dex+8}
 71852 | Vaults:5 | Reached XP level 27. HP: 226/238 MP: 27/32
 72234 | Vaults:5 | Found Vasuo's Distillery.
 72251 | Vaults:5 | Bought a potion of invisibility for 144 gold pieces
 72251 | Vaults:5 | Bought a potion of might for 72 gold pieces
 72898 | Orc:2    | Gained mutation: Your spells are a little easier to cast,
                  | but a little less powerful. [mutagenic glow]
 72907 | Orc:2    | Gained mutation: You occasionally lose the ability to drink
                  | potions when taking damage. [mutagenic glow]
 72981 | Orc:2    | Lost mutation: You occasionally lose the ability to drink
                  | potions when taking damage. [potion of mutation]
 72981 | Orc:2    | Lost mutation: Your spells are a little easier to cast, but
                  | a little less powerful. [potion of mutation]
 72981 | Orc:2    | Gained mutation: Armour fits poorly on your strangely
                  | shaped body. [potion of mutation]
 72981 | Orc:2    | Gained mutation: Your muscles are strong. (Str +4, Int/Dex
                  | -1) [potion of mutation]
 72981 | Orc:2    | Gained mutation: You are frail. (-10% HP) [potion of
                  | mutation]
 72981 | Orc:2    | Gained mutation: You are somewhat resistant to further
                  | mutation. [potion of mutation]
 73249 | Depths:3 | Voluntarily entered the Abyss.
 73336 | Abyss:1  | Found a corrupted altar of Lugonu.
 73534 | Abyss:2  | Found a corrupted altar of Lugonu.
 73550 | Abyss:2  | Found a corrupted altar of Lugonu.
 73601 | Abyss:3  | Identified the ring of Zyuth {Fly rC- EV+5 Int+3 Dex+3
                  | Stlth+}
 73646 | Depths:3 | Escaped the Abyss
 73687 | Depths:3 | Voluntarily entered the Abyss.
 73711 | Depths:3 | Escaped the Abyss
 73713 | Depths:3 | Voluntarily entered the Abyss.
 73713 | Abyss:3  | Found a corrupted altar of Lugonu.
 73743 | Abyss:3  | Found a corrupted altar of Lugonu.
 73745 | Abyss:3  | Found a corrupted altar of Lugonu.
 73745 | Abyss:3  | Found a corrupted altar of Lugonu.
 73908 | Abyss:3  | Received a gift from Okawaru
 74086 | Abyss:3  | Got an abyssal rune of Zot
 74102 | Depths:3 | Escaped the Abyss
 74974 | D:7      | Bought a scroll of enchant weapon for 240 gold pieces
 75369 | Vaults:5 | Bought a scroll of enchant armour for 105 gold pieces
 75369 | Vaults:5 | Bought a scroll of enchant armour for 105 gold pieces
 75749 | Zot:1    | Entered Level 1 of the Realm of Zot
 75916 | Zot:1    | Noticed an ancient lich
 75931 | Depths:4 | Killed an ancient lich
 75931 | Depths:4 | Received a gift from Okawaru
 76189 | Arena    | Entered the Arena
 77103 | Zot:1    | Received a gift from Okawaru
 78150 | Zot:2    | Received a gift from Okawaru
 78562 | Zot:2    | Noticed Vv
 78565 | Zot:2    | shadowrider38: !vampiric
 78565 | Zot:2    | shadowrider38: ??vampiric
 78565 | Zot:2    | beem: vampiric[1/2]: On 60% of non-zero damage hits to
                  | natural or plant holiness monsters that are not summoned
                  | (includes trj spawns/god wrath/etc), or {firewood}, heal
                  | 1d(damage) HP. The target having rN reduces the healing by
                  | 50%/75%/100%. Good gods hate it.
 78565 | Zot:2    | shadowrider38: ??holy
 78565 | Zot:2    | beem: holy wrath[1/1]: Increases damage by 75% on average
                  | against undead and demons. These folks also cannot wield
                  | it. Does not hate evil creatures which are not undead or
                  | demons. This means that holy wrath is ineffective against
                  | hell knights, and some worshippers of evil gods can wield
                  | it.
 78579 | Zot:2    | Killed Vv
 78737 | Zot:2    | Received a gift from Okawaru
 78903 | Zot:2    | Found an opulent altar of Gozag.
 79407 | Zot:2    | Found a white marble altar of Elyvilon.
 79865 | Zot:3    | Received a gift from Okawaru
 80173 | Zot:3    | Reached skill level 9 in Evocations
 80740 | Zot:3    | Reached skill level 9 in Dodging
 81100 | Zot:4    | Received a gift from Okawaru
 82949 | Temple   | Fell from the grace of Okawaru
 82949 | Temple   | Became a worshipper of the Shining One
 83313 | Crypt:1  | Entered Level 1 of the Crypt
 83391 | Crypt:1  | Reached * piety under the Shining One
 83478 | Crypt:1  | Reached ** piety under the Shining One
 83492 | Crypt:1  | Reached *** piety under the Shining One
 83511 | Crypt:1  | Noticed Xtahua
 83522 | Crypt:1  | Killed Xtahua
 83534 | Crypt:1  | Reached **** piety under the Shining One
 83551 | Crypt:1  | Noticed Zoalos's ghost (veteran GrEE)
 83736 | Crypt:1  | Found a transporter.
 83754 | Crypt:1  | Found a transporter.
 83844 | Crypt:1  | Reached ***** piety under the Shining One
 84323 | D:14     | Reached skill level 21 in Armour
 87472 | Elf:3    | Killed angrytalen3's ghost
 87480 | Elf:3    | Got the Spellbook of Bloody Percussion
 89289 | Vaults:5 | Bought a scroll of summoning for 133 gold pieces
 89289 | Vaults:5 | Bought a scroll of brand weapon for 133 gold pieces
 89657 | Orc:2    | Bought a scroll of fog for 52 gold pieces
 89657 | Orc:2    | Bought a scroll of fog for 52 gold pieces
 89657 | Orc:2    | Bought a scroll of fog for 52 gold pieces
 89955 | Snake:4  | Bought a scroll of fog for 68 gold pieces
 89955 | Snake:4  | Bought a scroll of silence for 161 gold pieces
 90254 | Orc:2    | Bought a potion of enlightenment for 80 gold pieces
 90254 | Orc:2    | Bought a potion of enlightenment for 80 gold pieces
 90254 | Orc:2    | Bought a potion of ambrosia for 128 gold pieces
 90464 | Vaults:1 | Bought a lightning rod (4/4) for 760 gold pieces
 90464 | Vaults:1 | Bought a scroll of enchant armour for 142 gold pieces
 90464 | Vaults:1 | Bought 4 curare-tipped darts for 91 gold pieces
 91238 | Crypt:2  | Reached ****** piety under the Shining One
 91297 | Crypt:2  | Reached skill level 15 in Invocations
 91732 | Crypt:3  | Entered Level 3 of the Crypt
 91732 | Crypt:3  | Found a staircase to the Tomb.
 91798 | Crypt:3  | Identified the +3 dagger of Lidoigh {distort, rPois Int+4}
 91868 | Crypt:3  | Noticed a royal mummy
 91869 | Crypt:3  | Noticed Khufu
 91869 | Crypt:3  | Noticed a royal mummy
 91869 | Crypt:3  | Noticed a royal mummy
 91884 | Crypt:3  | Killed a royal mummy
 91894 | Crypt:3  | Killed Khufu
 91902 | Crypt:3  | Killed a royal mummy
 91908 | Crypt:3  | Killed a royal mummy
 92526 | Crypt:3  | Found a basalt altar of Yredelemnul.
 92570 | Crypt:3  | Got the Papyrus of Angles and the Missiles
 93461 | Pan      | Entered Pandemonium
 93754 | Pan      | Noticed Douneu the pandemonium lord
 93762 | Pan      | Noticed Oheqis the pandemonium lord
 93774 | Pan      | Killed Oheqis the pandemonium lord
 94333 | Pan      | Noticed Qufalog the pandemonium lord
 94371 | Pan      | Killed Qufalog the pandemonium lord
 94420 | Pan      | Reached skill level 21 in Invocations
 94470 | Pan      | Got a demonic rune of Zot
 94540 | Pan      | Noticed Zes Beunt the pandemonium lord
 94551 | Pan      | Killed Zes Beunt the pandemonium lord
 94849 | Pan      | Entered the realm of Lom Lobon.
 95400 | Pan      | Learned a level 1 spell: Apportation
 95415 | Pan      | Noticed Lom Lobon
 95425 | Pan      | Killed Lom Lobon
 95432 | Pan      | Got a magical rune of Zot
 95858 | Pan      | Noticed Ignacio
 95865 | Pan      | Killed Ignacio
 96176 | Pan      | Noticed Uxkeug the pandemonium lord
 96185 | Pan      | Killed Uxkeug the pandemonium lord
 96442 | Pan      | Noticed Vyrcheoli the pandemonium lord
 96448 | Pan      | Killed Vyrcheoli the pandemonium lord
 96619 | Depths:2 | Escaped Pandemonium
 96621 | Pan      | Entered Pandemonium
 96654 | Pan      | Noticed Paotupab the pandemonium lord
 96671 | Pan      | Killed Paotupab the pandemonium lord
 96673 | Pan      | Was forgiven by Okawaru
 97005 | Pan      | Found an exit through the horrors of the Abyss.
 97210 | Pan      | Entered the realm of Mnoleg.
 97277 | Pan      | Noticed Mnoleg
 97295 | Pan      | Was placed under penance by the Shining One
 97304 | Pan      | Killed Mnoleg
 97752 | Pan      | Was forgiven by the Shining One
 98158 | Pan      | Identified the +0 chain mail of Lucidity {rElec MP+9 Int+3
                  | Stlth-}
 98246 | Pan      | Gained mutation: You are very frail. (-20% HP) [a
                  | cacodemon]
 98373 | Pan      | Got a glowing rune of Zot
 98423 | Pan      | Lost mutation: Your muscles are strong. (Str +4, Int/Dex
                  | -1) [potion of mutation]
 98423 | Pan      | Lost mutation: You are somewhat resistant to further
                  | mutation. [potion of mutation]
 98423 | Pan      | Lost mutation: You are very frail. (-20% HP) [potion of
                  | mutation]
 98423 | Pan      | Lost mutation: You are frail. (-10% HP) [potion of
                  | mutation]
 98423 | Pan      | Gained mutation: You have large cloven feet. [potion of
                  | mutation]
 98423 | Pan      | Gained mutation: Your health recovers twice as slowly from
                  | being drained. [potion of mutation]
 98423 | Pan      | Gained mutation: You are somewhat resistant to further
                  | mutation. [potion of mutation]
 98724 | Pan      | Entered the realm of Cerebov.
 98834 | Pan      | Found the +6 sword of Cerebov {flame}
 98834 | Pan      | Noticed Cerebov
 98892 | Pan      | Killed Cerebov
 99342 | Pan      | Got a fiery rune of Zot
 99400 | Pan      | Got Sif Muna's Octavo of Ruinous Quicksand
 99403 | Pan      | Identified the +1 arbalest of Malum Prohibitum {penet,
                  | Will+}
 99406 | Pan      | Identified the ring of Nabareni {Wiz ^Contam rCorr SInv
                  | Stlth+}
 99469 | Pan      | Entered the realm of Gloorx Vloq.
 99524 | Pan      | Reached skill level 15 in Evocations
 99566 | Pan      | Noticed Gloorx Vloq
 99582 | Pan      | Killed Gloorx Vloq
 99739 | Pan      | Got a dark rune of Zot
100235 | Pan      | Found an exit through the horrors of the Abyss.
100419 | Pan      | Took an exit into the Abyss.
100419 | Abyss:3  | Escaped into the Abyss
100420 | Abyss:3  | Found a corrupted altar of Lugonu.
100458 | Abyss:3  | Found a corrupted altar of Lugonu.
100467 | Abyss:3  | Noticed an ancient lich
100474 | Abyss:3  | Killed an ancient lich
100632 | Depths:2 | Escaped the Abyss
100691 | Hell     | Entered the Vestibule of Hell
100692 | Hell     | Noticed Geryon
100703 | Hell     | Killed Geryon
100912 | Hell     | Found a gateway to the freezing wastes of Cocytus.
100952 | Hell     | Noticed Murray
100967 | Hell     | Killed Murray
101184 | Hell     | Found a gateway to the Iron City of Dis.
101388 | Hell     | Found a gateway to the ashen valley of Gehenna.
101479 | Hell     | Found a gateway to the decaying netherworld of Tartarus.
101641 | Hell     | Acquired a manual of Evocations
101644 | Coc:1    | Entered Level 1 of Cocytus
101947 | Coc:4    | Noticed a shard shrike
101948 | Coc:4    | Noticed a shard shrike
101951 | Coc:4    | Noticed a shard shrike
101956 | Coc:4    | Killed a shard shrike
101956 | Coc:4    | Killed a shard shrike
102393 | Coc:4    | Killed a shard shrike
102480 | Coc:4    | Noticed a shard shrike
102488 | Coc:4    | Noticed a shard shrike
102493 | Coc:4    | Killed a shard shrike
102495 | Coc:4    | Killed a shard shrike
102509 | Coc:4    | Noticed a shard shrike
102514 | Coc:4    | Killed a shard shrike
102668 | Coc:7    | Entered Level 7 of Cocytus
102668 | Coc:7    | Noticed a shard shrike
102670 | Coc:7    | Killed a shard shrike
102758 | Coc:7    | Noticed a shard shrike
102765 | Coc:7    | Killed a shard shrike
102987 | Coc:7    | Reached skill level 21 in Throwing
103035 | Coc:7    | Noticed a shard shrike
103044 | Coc:7    | Killed a shard shrike
103185 | Coc:7    | Noticed a dread lich
103211 | Coc:7    | Killed a dread lich
103229 | Coc:7    | Noticed a shard shrike
103233 | Coc:7    | Killed a shard shrike
103234 | Coc:7    | Noticed a shard shrike
103238 | Coc:7    | Noticed a shard shrike
103238 | Coc:7    | Noticed a shard shrike
103244 | Coc:7    | Killed a shard shrike
103244 | Coc:7    | Killed a shard shrike
103245 | Coc:7    | Killed a shard shrike
103258 | Coc:7    | Identified the +1 war axe of Spite {freeze, rElec rPois rC+
                  | Int-2}
103258 | Coc:7    | Noticed Antaeus
103274 | Coc:7    | HP: 8/245 [wendigo/stunning burst (13)]
103280 | Coc:7    | HP: 11/245 [wendigo/stunning burst (1)]
103331 | Coc:7    | HP: 2/245 [elemental wellspring/torrent of water (24)]
103345 | Coc:7    | HP: 8/245 [??? (2)]
104428 | Tar:1    | Entered Level 1 of Tartarus
105213 | Tar:4    | You are sucked into a shaft and drop 1 floor!
105647 | Tar:7    | Entered Level 7 of Tartarus
105751 | Tar:7    | Reached skill level 27 in Shields
105913 | Tar:7    | Noticed an ancient lich
105921 | Tar:7    | Killed an ancient lich
106305 | Tar:7    | Reached skill level 27 in Invocations
106329 | Tar:7    | Noticed Ereshkigal
106338 | Tar:7    | Killed Ereshkigal
106371 | Tar:7    | Got a bone rune of Zot
106613 | Geh:1    | Entered Level 1 of Gehenna
106857 | Geh:4    | Reached skill level 27 in Fighting
106939 | Geh:7    | Entered Level 7 of Gehenna
107015 | Geh:7    | Reached skill level 21 in Evocations
107356 | Geh:7    | Found the +13 sceptre of Asmodeus
107356 | Geh:7    | Noticed Asmodeus
107384 | Geh:7    | Killed Asmodeus
107571 | Geh:7    | Identified the +0 leather armour "Inebin" {rC+ Str+7 Dex-4}
107622 | Geh:7    | Got an obsidian rune of Zot
108009 | Dis:1    | Entered Level 1 of the Iron City of Dis
110388 | Dis:7    | Entered Level 7 of the Iron City of Dis
111870 | Dis:7    | Noticed the Serpent of Hell
111875 | Dis:7    | Noticed a juggernaut
111885 | Dis:7    | Killed the Serpent of Hell
111897 | Dis:7    | Killed a juggernaut
111919 | Dis:7    | Noticed a juggernaut
111930 | Dis:7    | Killed a juggernaut
112186 | Dis:7    | Noticed Dispater
112212 | Dis:7    | Killed Dispater
112567 | Dis:7    | Identified the amulet of the Voivode {Spirit rC- Regen+
                  | Int+2 Dex+6}
112571 | Dis:7    | Got an iron rune of Zot
113800 | Zot:5    | Entered Level 5 of the Realm of Zot
114539 | Zot:5    | Noticed an ancient lich
114554 | Zot:5    | Killed an ancient lich
114557 | Zot:5    | Noticed a dread lich
114564 | Zot:5    | Killed a dread lich
114566 | Zot:5    | Noticed an orb of fire
114574 | Zot:5    | Killed an orb of fire
114579 | Zot:5    | Noticed an orb of fire
114582 | Zot:5    | Noticed a Killer Klown
114586 | Zot:5    | Killed an orb of fire
114591 | Zot:5    | Noticed a Killer Klown
114592 | Zot:5    | Killed a Killer Klown
114594 | Zot:5    | Noticed an orb of fire
114595 | Zot:5    | Gained mutation: You occasionally lose the ability to drink
                  | potions when taking damage. [an orb of fire]
114599 | Zot:5    | Killed a Killer Klown
114601 | Zot:5    | Killed an orb of fire
114967 | Zot:5    | Lost mutation: Your health recovers twice as slowly from
                  | being drained. [potion of mutation]
114967 | Zot:5    | Lost mutation: Armour fits poorly on your strangely shaped
                  | body. [potion of mutation]
114967 | Zot:5    | Gained mutation: You possess an exceptional clarity of
                  | mind. [potion of mutation]
114968 | Zot:5    | Lost mutation: You are somewhat resistant to further
                  | mutation. [potion of mutation]
114968 | Zot:5    | Lost mutation: You have large cloven feet. [potion of
                  | mutation]
115102 | Zot:5    | Noticed an orb of fire
115114 | Zot:5    | Killed an orb of fire
115541 | Zot:5    | Got the Orb of Zot
116123 | D:$      | Escaped with the Orb!

Illustrated notes

Levels and vault maps discovered:
D:1:      dpeg_arrival_renting, layout_basic
D:2:      layout_loops_ring, serial_glass, glass_columns_a, glass_columns_c,
          glass_columns_b, glass_columns_b, glass_columns_a, glass_columns_c,
          glass_columns_c, glass_columns_c
D:3:      layout_basic, uniq_crazy_yiuf_cottage
D:4:      minmay_skewed_foursquare, layout_rooms,
          nicolae_shop_i_like_small_books_too, minmay_cut_off,
          uniq_blork_the_orc
D:5:      layout_loops_ring, minmay_temple_entry_drinking_statues, uniq_duvessa
D:6:      layout_loops_corners, mainiacjoe_overflow_brackets
D:7:      layout_basic, serial_shops, nicolae_shop_crystal, shop,
          nicolae_shop_real_fake_doors, shop, nicolae_ossuary_entry_plus
D:8:      layout_cave_pools, nicolae_sif_muna_little_library
D:9:      layout_irregular_city, old_standard_altar,
          cheibrodos_ashenzari_chains, okawaru_ov_weapons_minmay, uniq_pikel,
          uniq_maggie
D:10:     layout_roguey, minitemple, david_lair_generic, serial_shops,
          nicolae_diamond_shop, nicolae_where_there's_smoke
D:11:     layout_loops_ring, minmay_hedge_maze, uniq_psyche, uniq_maurice
D:12:     layout_layer_cave, hiddenorc1_lemuel, serial_shops, shop,
          uniq_jorgrun, uniq_fannar, uniq_azrael, uniq_snorg
D:13:     layout_loops_ring, portal_ice_cave_rime, uniq_rupert
D:14:     layout_basic, erik_vaults_1, serial_curves, eino_curves_04,
          eino_curves_02, eino_curves_01, grunt_ministairs_3,
          nicolae_guarded_unrand_slippers
D:15:     hellmonk_depths_entry_around_the_bend, layout_gridville,
          hangedman_glass_teeth, nicolae_lava_and_water,
          nicolae_twisting_strands
Temple:   dpeg_chambers_temple
Lair:1:   layout_long_grid, infiniplex_staircase_pool
Lair:2:   layout_loops_ring, guppyfry_snake_entry_island,
          gauntlet_entry_generic, pdpol_lair_neglected_garden, st_stairs_10,
          beast_lair_carwin_6, infiniplex_staircase_pool_2, uniq_sonja
Lair:3:   layout_cave_pods, nicolae_swamp_entry_splash_gauntlet, uniq_gastronok
Lair:4:   layout_concentric_octagons, basic_altar
Lair:5:   hangedman_lair_caniforms_friends, layout_regular_city,
          hangedman_lair_tendril_chambers, nicolae_slime_entry_field_trip
Swamp:1:  layout_basic_swamp, hangedman_swamp_ruin_wall, swamp_pool_1_2,
          hangedman_swamp_phenomena, uniq_donald
Swamp:2:  nicolae_swamp_phyte_club, layout_basic_swamp,
          evilmike_swamp_ruin_house_4, uniq_roxanne
Swamp:3:  layout_falls_marsh, nicolae_swamp_treefoil
Swamp:4:  swamp_old_school, layout_basic_swamp, swamp_pool_1_2
Snake:1:  layout_grid_shapes, nicolae_shop_self_help, grunt_megastairs_1,
          uniq_asterion
Snake:2:  cheibrodos_toxic_ritual, layout_onion_interference
Snake:3:  layout_honeycomb, serial_bayou_ford_a, nicolae_large_snake_swirl,
          grunt_megastairs_3, lemuel_fruit_tree, serial_bayou_shore_b
Snake:4:  johnstein_snake_rune_scales, layout_cave_shapes, serial_bayou_shore_b,
          minmay_shop_star
Slime:1:  cheibrodos_slime_lost_civilization_1, layout_caves
Slime:2:  layout_caves
Slime:3:  cheibrodos_slime_lost_civilization_10, layout_caves
Slime:4:  layout_caves
Slime:5:  slime_pit_nicolae_royal_road_to_ruin
Orc:1:    layout_diamond_mine, basic_altar, serial_shops, shop, uniq_josephine
Orc:2:    st_orc_pillars, layout_caves, serial_shops, shop,
          regret_index_xom_of_box
Elf:1:    minmay_elf_arrival_summoners, layout_loops_corners, minivault_28,
          grunt_ministairs_14, serial_sigils_hangedman_confine,
          minmay_shop_grove, lemuel_upstairs_altar
Elf:2:    nicolae_elf_blades_crystal_corner, layout_loops_ring,
          serial_sigils_hangedman_writhe, grunt_ministairs_7,
          bh_hangedman_babel_library
Elf:3:    grunt_elf_hall_branching, layout_rooms, ebering_ghost_reflecting_pool,
          serial_shops, shop, st_stairs_1, serial_sigils_hangedman_stare,
          uniq_norris, uniq_bai_suzhen
Vaults:1: nicolae_vaults_network_periphery, nicolae_vaults_wrenched,
          vaults_mumra_hex, nicolae_vaults_crenellated_ambush, v_rooms_1,
          vaults_standard_mumra_x, hangedman_vaults_impose,
          layout_vaults_omnigrid, serial_shops, shop, shop,
          nicolae_shop_just_a_little_nook
Vaults:2: ontoclasm_vaults_fault, v_misc_10, v_alt_pattern_4,
          nicolae_vaults_trapezoid_2, nicolae_vaults_storage_closets_1,
          v_misc_2, vaults_room_door_hall, vaults_mumra_minichess_inversion,
          nicolae_vaults_three_branches, st_spiral_rooms,
          nicolae_vaults_tetromino_L_1, layout_vaults_big_room, serial_shops,
          shop, uniq_boris, uniq_saint_roka, uniq_zenata
Vaults:3: nicolae_vaults_storage_room_doors, nicolae_vaults_heart-shaped_vault,
          st_octagons_2, minmay_crypt_entry_simple_walls,
          nicolae_vaults_double_plus_2, v_misc_29, nicolae_vaults_trapezoid_4,
          v_rooms_4, vaults_mumra_minichess, nicolae_vaults_spaceships,
          nicolae_vaults_little_squares_6, layout_vaults_big_cross
Vaults:4: nicolae_vaults_twisting_passages, nicolae_vaults_trapezoid_layered,
          v_misc_12, v_misc_27, nicolae_vaults_good_morning_starshine,
          nicolae_vaults_heart-shaped_vault, vaults_room_fours,
          nicolae_vaults_closet_pinwheel_1, v_misc_8,
          ontoclasm_vaults_claustrophobia, nicolae_vaults_two_Ls, v_misc_17,
          layout_vaults_maze_snakey
Vaults:5: serial_shops
Crypt:1:  layout_basic, gammafunk_ghost_arena, palyth_stone_intersect,
          hangedman_batty, uniq_margery, uniq_xtahua
Crypt:2:  layout_catacombs, grunt_ministairs_14
Crypt:3:  church_of_pain_bobbens, layout_chaotic_city, due_unseen_surprise,
          uniq_khufu
Depths:1: layout_basic, hellmouth_2, minmay_the_grid_2x2
          [minmay_the_grid_minigrid_medium, minmay_the_grid_pillar_ring,
          minmay_the_grid_rooms, minmay_the_grid_prize_diamond_cup]
Depths:2: hangedman_cross_cluster, layout_gridlike, enter_ziggurat_b,
          pf_dread_powers_of_hell, rand_demon_pan_entry_5,
          roderic_serpentine_path
Depths:3: nicolae_BIG_FREAKIN_CUBE, layout_gridlike, grunt_hell_entry_dis_grunt,
          minmay_room_of_horrors, infiniplex_staircase_spiral
Depths:4: grunt_zot_entry_hairpin, layout_cave_pools, corexii_leaking_fountain,
          abyss_entry_small_statue_room, hell_entry, uniq_frederick
Hell
Dis:1:    layout_regular_city
Dis:2:    hangedman_dis_monolith, layout_regular_city, glass_columns_a,
          nicolae_dis_lava_storage_tank
Dis:3:    layout_jigsaw
Dis:4:    nicolae_dis_pentagon_2, layout_regular_city
Dis:5:    layout_subdivisions
Dis:6:    layout_gridville, nicolae_dis_strange_trophy_room
Dis:7:    dis_grunt_layers
Geh:1:    layout_gehenna_lava_caves
Geh:2:    layout_gehenna_lava_caves
Geh:3:    layout_gehenna_pools_basic
Geh:4:    layout_gehenna_lava_caves
Geh:5:    layout_gehenna_lava_caves
Geh:6:    layout_gehenna_pools_box
Geh:7:    geh_mu
Coc:1:    layout_cocytus_delve
Coc:2:    layout_cocytus_water_paths
Coc:3:    nicolae_coc_three_more_mouths, layout_ice_bergs
Coc:4:    layout_ice_bergs
Coc:5:    nicolae_coc_cocytus_crossing, layout_cocytus_water_paths
Coc:6:    layout_ice_bergs
Coc:7:    coc_grunt
Tar:1:    layout_catacombs
Tar:2:    layout_honeycomb
Tar:3:    layout_catacombs
Tar:4:    layout_grid_maze, nicolae_hells_fiendish_ambush
Tar:5:    layout_cathedral_of_symmetry
Tar:6:    layout_cathedral_of_symmetry, nicolae_tar_combstack
Tar:7:    tar_old
Zot:1:    ebering_greatest_show_in_zot, layout_twisted_circle,
          grunt_ministairs_9
Zot:2:    layout_cathedral_of_symmetry, bh_zot_lava_cross,
          hangedman_feature_mirror, uniq_vv
Zot:3:    layout_onion_interference, regret_index_zotdec_barnacled_simple,
          grunt_megastairs_2
Zot:4:    layout_misc_corridors, regret_index_zotdec_gossamer_gf
Zot:5:    layout_gridlike, lemuel_baited_zot_trap, grunt_ministairs_2

Skill      XL: |  1  2  3  4  5  6  7  8  9 10 11 12 13 14 15 16 17 18 19 20 21 22 23 24 25 26 27 |
---------------+----------------------------------------------------------------------------------+-----
Axes           | 1 2 3 4 5 6 7 9 11 12 15 16 18 19 21 22 23 | 23.2
Polearms       | 3 7 8 |  8.0
Armour         | 4 6 7 8 9 12 14 15 26 | 26.3
Fighting       | 6 8 10 12 13 15 18 19 20 21 24 27 | 27.0
Dodging        | 1 4 6 8 12 | 12.6
Maces & Flails | 1 7 |  7.3
Evocations     | 3 5 7 8 24 | 24.4
Invocations    | 2 8 10 12 27 | 27.0
Shields        | 2 8 11 15 22 24 27 | 27.0
Throwing       | 1 7 11 12 17 25 | 25.2
Stealth        | |  4.8
Spellcasting   | |  1.1
Summonings     | |  1.0
Alchemy        | |  0.6

Action                     |  1- 3 |  4- 6 |  7- 9 | 10-12 | 13-15 | 16-18 | 19-21 | 22-24 | 25-27 || total
---------------------------+-------+-------+-------+-------+-------+-------+-------+-------+-------++-------
  Melee: Dagger            |    38 |       |       |       |       |       |       |       |       ||    38
         Mace              |    49 |    96 |       |       |       |       |       |       |       ||   145
         Morningstar       |       |    31 |    27 |       |       |       |       |       |       ||    58
         Punch             |       |     1 |     3 |     9 |    16 |     7 |       |       |       ||    36
         Halberd           |       |       |   214 |    25 |       |       |       |       |       ||   239
         Hand axe          |       |       |   128 |   124 |    16 |    21 |    31 |       |       ||   320
         Flail             |       |       |       |   147 |       |       |       |       |       ||   147
         Broad axe         |       |       |       |   227 |   768 |       |       |       |       ||   995
         Executioner's axe |       |       |       |       |   247 |   910 |   898 |  1107 |  4721 ||  7883
  Throw: Javelin           |       |       |       |     2 |       |       |       |       |    70 ||    72
         Throwing net      |       |       |       |       |       |       |     1 |       |     8 ||     9
         Boomerang         |       |       |       |       |       |       |       |       |    60 ||    60
 Invoke: Heroism           |       |       |       |     6 |     6 |     8 |     4 |     1 |     6 ||    31
         Receive Weapon    |       |       |       |       |     1 |       |       |       |       ||     1
         Receive Armour    |       |       |       |       |     1 |       |       |       |       ||     1
         Duel              |       |       |       |       |       |     1 |     1 |     1 |     3 ||     6
         Finesse           |       |       |       |       |       |       |     2 |     1 |     4 ||     7
         Cleansing Flame   |       |       |       |       |       |       |       |       |    26 ||    26
         Summon Divine War |       |       |       |       |       |       |       |       |    24 ||    24
         Divine Shield     |       |       |       |       |       |       |       |       |    14 ||    14
Ability: Dig               |       |       |       |       |     1 |     2 |     1 |       |    12 ||    16
         Shaft Self        |       |       |       |       |       |       |       |       |     4 ||     4
  Evoke: Wand              |       |     4 |       |     9 |     4 |     1 |       |       |     7 ||    25
         Lightning rod     |       |       |       |       |       |       |       |       |     4 ||     4
         Sack of spiders   |       |       |       |       |       |       |       |       |     4 ||     4
         Phantom mirror    |       |       |       |       |       |       |       |       |     4 ||     4
         Condenser vane    |       |       |       |       |       |       |       |       |     3 ||     3
         Phial of floods   |       |       |       |       |       |       |       |       |     1 ||     1
    Use: Potion            |     1 |       |       |     2 |    10 |     1 |     5 |       |    50 ||    69
         Scroll            |       |    10 |     7 |     6 |    13 |     6 |     7 |     2 |    49 ||   100
   Stab: Sleeping          |    13 |     3 |     9 |    10 |    11 |    11 |     1 |     2 |       ||    60
         Distracted        |       |       |     2 |     1 |     3 |     4 |     4 |       |     1 ||    15
         Petrifying        |       |       |       |       |     2 |       |       |       |       ||     2
         Held in net/web   |       |       |       |       |       |       |     1 |       |       ||     1
         Invisible         |       |       |       |       |       |       |       |       |     4 ||     4
 Armour: Leather armour    |    83 |    73 |       |       |       |       |       |       |       ||   156
         Chain mail        |       |    26 |    58 |       |       |    94 |   602 |   627 |  1501 ||  2908
         Quicksilver drago |       |       |    91 |   336 |   618 |   521 |       |       |       ||  1566
         Skin              |       |       |       |       |    44 |       |       |       |       ||    44
         Gold dragon scale |       |       |       |       |       |       |       |       |  1354 ||  1354
  Dodge: Dodged            |    43 |    77 |   223 |   413 |  1012 |   486 |   262 |   309 |  1100 ||  3925
  Block: Buckler           |       |       |       |       |       |    28 |       |       |       ||    28
         Kite shield       |       |       |       |       |       |   376 |   608 |   783 |  1743 ||  3510
         Tower shield      |       |       |       |       |       |       |       |       |  2581 ||  2581
